 Dungeon Crawl Stone Soup version 0.28.0-49-g6dfe1f597d (webtiles) character file.

Game seed: 12342290055416667070

588 Zeld the Spear-Bearer (level 7, 0/52 HPs)
             Began as a Merfolk Monk on May 19, 2022.
             Was a Believer of Hepliaklqana.
             Killed by nerve-wracking pain
             ... invoked by an orc priest
              (9 damage)
             ... on level 5 of the Dungeon.
             The game lasted 00:04:35 (6945 turns).

Zeld the Spear-Bearer (Merfolk Monk)                Turns: 6945, Time: 00:04:36

Health: 0/52       AC:  4    Str: 14    XL:     7   Next: 38%
Magic:  7/7        EV: 15    Int:  9    God:    Hepliaklqana [**....]
Gold:   15         SH:  0    Dex: 16    Spells: 6/6 levels left

rFire   . . .      SeeInvis .   a - +0 spear
rCold   . . .      Faith    .   (no shield)
rNeg    . . .      Spirit   .   b - +0 robe
rPois   .          Reflect  .   l - +0 helmet
rElec   .          Harm     .   (no cloak)
rCorr   .          Rampage  .   q - +0 pair of gloves
Will    .....                   (no boots)
Stlth   ++........              (no amulet)
HPRegen 0.17/turn               (no ring)
MPRegen 0.10/turn               (no ring)

@: no status effects
A: reduced essence, (nimble swimmer 2), mertail
a: Renounce Religion, Recall Ancestor, Ancestor Identity


You were on level 5 of the Dungeon.
You worshipped Hepliaklqana.
Hepliaklqana was pleased with you.
You visited 1 branch of the dungeon, and saw 5 of its levels.
You also visited: Sewer.

You collected 117 gold pieces.
You spent 102 gold pieces at shops.

Inventory:

Hand Weapons
 a - a +0 spear (weapon)
Armour
 b - a +0 robe (worn)
 l - a +0 helmet (worn)
 q - a +0 pair of gloves (worn)
Wands
 v - a wand of iceblast (13)
Scrolls
 c - 2 scrolls of identify {unknown}
 d - 2 scrolls of fog {unknown}
 e - a scroll of summoning {unknown}
 g - 3 scrolls of teleportation {unknown}
 h - a scroll of immolation {unknown}
 m - 3 scrolls of fear {unknown}
 o - 2 scrolls of magic mapping {unknown}
 p - a scroll of brand weapon {unknown}
 r - a scroll of blinking {unknown}
 s - a scroll of acquirement {unknown}
Potions
 f - 2 potions of lignification {unknown}
 i - a potion of berserk rage {unknown}
 j - 3 potions of curing {unknown}
 k - a potion of ambrosia {unknown}
 t - a potion of magic {unknown}
 u - a potion of brilliance {unknown}
 w - a potion of heal wounds {unknown}
 x - a potion of flight {unknown}
 z - a potion of invisibility {unknown}


   Skills:
 * Level 6.2 Fighting
 * Level 8.2 Polearms
 + Level 6.0 Dodging
 - Level 2.1 Stealth


You had 6 spell levels left.
You didn't know any spells.
Your spell library was empty.

Dungeon Overview and Level Annotations

Branches:
Dungeon (5/15)              Sewer (visited)
 Temple: D:4-7

Altars:
Ashenzari
Dithmenos
Hepliaklqana
Trog

Shops:
D:4 *   D:5 *

Annotations:
D:2 1 runed translucent door, Crazy Yiuf


Innate Abilities, Weirdness & Mutations

Your life essence is reduced to manifest your ancestor. (-10% HP)
((You are very nimble when in or above water. (Stealth+, EV+, Speed+++)))
Your lower body shifts to a powerful aquatic tail in water.


Message History

The orc wizard is severely wounded.
The orc wizard closely misses you.
You closely miss the orc wizard.
The orc wizard is severely wounded.
The orc priest closely misses you. The orc wizard closely misses you.
You hit the orc wizard but do no damage.
The orc wizard is severely wounded.
The orc priest mumbles some strange prayers to Beogh against you.
Beogh smites you!
You hit the orc wizard.
The orc wizard is almost dead.
The orc wizard hits you with a +0 dagger.
An orc comes into view. It is wielding a +0 hand axe.
You closely miss the orc wizard.
The orc wizard is almost dead.
The orc priest barely misses Plamen.
The orc wizard hits you with a +0 dagger.
You hit the orc wizard but do no damage.
The orc wizard is almost dead.
The orc priest barely misses you.
You miss the orc wizard.
You punch the orc wizard, but do no damage.
The orc wizard is almost dead.
The orc wizard barely misses you.
The orc priest calls down the wrath of Beogh upon you.
Beogh smites you!
You hit the orc wizard.
The orc wizard is almost dead.
The orc wizard misses you.
You are too injured to fight recklessly!
You closely miss the orc wizard.
The orc wizard is almost dead.
The orc priest hits you with a +0 flail!
* * * LOW HITPOINT WARNING * * *
You are too injured to fight recklessly!
You hit the orc wizard.
You kill the orc wizard!
The orc priest invokes the aid of Beogh against you.
Pain shoots through your body!
You die...

### ##.## #
#...##. ..... .
.o?# .8..####o#
..8......)@R#
........####)#
........# #.#
.#.......####.#
#.#......##...#
#.#.....##.#.##
#.#....##....####
#.#.........(..+
#.#........####


You could see the friendly Plamen the knight, an orc priest and an orc.

Vanquished Creatures
  Pargi (Sewer)
  Blork the orc (D:4)
  A howler monkey (D:5)
  An orc wizard (D:5)
  A killer bee zombie (D:4)
  A hound skeleton (D:4)
  Robin (D:3)
  3 adders
  2 worms
  A dart slug (D:1)
  4 orcs
  7 bats
  5 endoplasms
  7 giant cockroaches
  15 goblins
  11 hobgoblins
  5 jackals
  7 quokkas
  12 ball pythons
  5 frilled lizards
  3 kobolds
  8 rats
102 creatures vanquished.

Vanquished Creatures (collateral kills)
  A black bear (D:4)
  A hound (D:5)
  An iguana (D:4)
  A hound skeleton (D:4)
  A howler monkey skeleton (D:4)
  An adder (D:3)
  An adder skeleton (D:4)
  2 dart slugs (D:4)
  An orc (D:3)
  2 ball pythons (D:3)
  An endoplasm (D:3)
  A hobgoblin (D:3)
  A jackal (D:3)
  2 kobolds
17 creatures vanquished.

Grand Total: 119 creatures vanquished

Notes
Turn   | Place    | Note
-------+----------+-------------------------------------------
     0 | D:1      | Zeld the Merfolk Monk began the quest for the Orb.
     0 | D:1      | Reached XP level 1. HP: 18/18 MP: 1/1
   354 | D:1      | Reached XP level 2. HP: 21/24 MP: 2/2
   718 | D:1      | You fall into a shaft and drop 1 floor!
   778 | D:2      | Reached skill level 5 in Polearms
  1052 | D:2      | Found a runed translucent door.
  1053 | D:2      | Noticed Crazy Yiuf
  1246 | D:1      | Reached XP level 3. HP: 28/30 MP: 3/3
  2276 | D:2      | Reached XP level 4. HP: 34/37 MP: 4/4
  3197 | D:3      | Noticed Robin
  3610 | D:3      | Killed Robin
  3834 | D:3      | Found a hazy altar of Hepliaklqana.
  3929 | D:3      | Became a worshipper of Hepliaklqana the Forgotten
  3929 | D:3      | Reached * piety under Hepliaklqana
  3929 | D:3      | Reached ** piety under Hepliaklqana
  3930 | D:3      | Remembered your ancestor Plamen as a knight
  4208 | D:3      | Reached skill level 6 in Polearms
  4259 | D:3      | Reached XP level 5. HP: 31/38 MP: 5/5
  4448 | D:3      | Found a shadowy altar of Dithmenos.
  4667 | D:4      | Noticed a black bear
  4681 | D:4      | Killed a black bear
  4682 | D:4      | Reached skill level 5 in Fighting
  4682 | D:4      | Reached skill level 5 in Dodging
  4738 | D:4      | Reached XP level 6. HP: 35/45 MP: 6/6
  4976 | D:4      | Found a glowing drain.
  4985 | Sewer    | Entered a sewer
  5027 | Sewer    | Noticed Pargi
  5040 | Sewer    | Killed Pargi
  5041 | Sewer    | Reached skill level 7 in Polearms
  6014 | D:4      | Found Dedew's CLEARANCE SALE!.
  6027 | D:4      | Found a bloodstained altar of Trog.
  6140 | D:4      | Found a broken altar of Ashenzari.
  6206 | D:4      | Reached XP level 7. HP: 33/51 MP: 7/7
  6396 | D:4      | Bought a wand of iceblast (13) for 102 gold pieces
  6512 | D:4      | Noticed Blork the orc
  6521 | D:4      | Killed Blork the orc
  6522 | D:4      | Reached skill level 8 in Polearms
  6753 | D:5      | Entered Level 5 of the Dungeon
  6874 | D:5      | Found Orurom's Fire Supplies.
  6945 | D:5      | Killed from afar by an orc priest

Illustrated notes

Levels and vault maps discovered:
D:1:      dpeg_arrival_solitude, layout_loops_ring, st_stairs_13
D:2:      layout_basic, uniq_crazy_yiuf_cottage
D:3:      minmay_chambers_of_twos, layout_loops_ring,
          nicolae_hepliaklqana_hazy_memory, mainiacjoe_overflow_six_doors_small,
          uniq_robin
D:4:      layout_loops_corners, mainiacjoe_overflow_chevrons,
          kennysheep_mini_moat, gup_sewer_entry_spiral, nicolae_shop_clearance,
          uniq_blork_the_orc
D:5:      wad_pebble_path, layout_loops_corners,
          mainiacjoe_overflow_tiny_flanked, nicolae_shop_fire_sale
          [nicolae_sub_dead_trees], st_stairs_14, uniq_grinder

Skill      XL: |  1  2  3  4  5  6  7 |
---------------+----------------------+-----
Polearms       | 5 6 7 8 |  8.2
Fighting       | 4 5 6 |  6.2
Dodging        | 5 6 |  6.0
Stealth        | |  2.1

Action                   |  1- 3 |  4- 6 |  7- 9 || total
-------------------------+-------+-------+-------++-------
Melee: Spear             |   150 |   270 |    54 ||   474
       Punch             |     1 |     6 |     1 ||     8
       Tailslap          |       |     1 |       ||     1
Invok: Ancestor Life: Kn |       |     1 |       ||     1
       Recall Ancestor   |       |     1 |       ||     1
 Stab: Sleeping          |     9 |     8 |     3 ||    20
       Distracted        |       |       |     2 ||     2
Armor: Robe              |    16 |    20 |     1 ||    37
Dodge: Dodged            |    65 |   151 |    25 ||   241
